 Dungeon Crawl Stone Soup version 0.31-a0-217-g58bb5d79cf (webtiles) character file.

Game seed: 4086360914438353007

36 Ijustatesigmund the Stinger (level 3, 0/23 HPs)
             Began as an Octopode Venom Mage on July 3, 2023.
             Slain by a hobgoblin (3 damage)
             ... on level 2 of the Dungeon.
             The game lasted 00:02:14 (1248 turns).

Ijustatesigmund the Stinger (Octopode Venom Mage)   Turns: 1248, Time: 00:02:15

Health: 0/23       AC:  1    Str:  7    XL:     3   Next: 37%
Magic:  2/6        EV: 13    Int: 19    God:
Gold:   42         SH:  0    Dex: 12    Spells: 0/6 levels left

rFire   . . .        e - +0 hand axe
rCold   . . .        (no shield)
rNeg    . . .        (helmet restricted)
rPois   .            (no amulet)
rElec   .            (no ring)
rCorr   .            (no ring)
SInv    .            (no ring)
Will    .....        (no ring)
Stlth   +++          (no ring)
HPRegen 0.23/turn    (no ring)
MPRegen 0.10/turn    (no ring)
                     (no ring)

%: no passive effects
@: attractive
A: almost no armour, amphibious, 8 rings, camouflage 1, gelatinous body 1,
(nimble swimmer 1), tentacles
a: no special abilities


You were on level 2 of the Dungeon.
You visited 1 branch of the dungeon, and saw 2 of its levels.

You collected 42 gold pieces.

Inventory:

Hand Weapons
 e - a +0 hand axe (weapon)
Missiles
 d - 6 datura-tipped darts
Potions
 a - a potion of magic


   Skills:
 + Level 1.3 Fighting
 - Level 2.0 Dodging
 - Level 2.6 Stealth
 + Level 2.4 Spellcasting
 + Level 0.3 Conjurations
 - Level 1.0 Transmutations
 + Level 0.7 Air Magic
 + Level 4.1 Poison Magic


You couldn't memorise any spells.
You knew the following spells:

 Your Spells              Type           Power      Damage    Failure   Level
a - Sting                 Tmut/Pois      48%        1d5       5%          1
b - Poisonous Vapours     Pois/Air       22%        N/A       9%          2
c - Mephitic Cloud        Conj/Pois/Air  8%         N/A       24%         3

Your spell library contained the following spells:

 Spells                   Type           Power      Damage    Failure   Level
 Necrotise                Necr           8%         1d4       16%         1
 Olgreb's Toxic Radiance  Pois           18%        N/A       28%         4
 Vampiric Draining        Necr           2%         2d6       43%         3
 Agony                    Necr           2%         N/A       99%         5


Dungeon Overview and Level Annotations

Branches:
Dungeon (2/15)

Altars:


Innate Abilities, Weirdness & Mutations

You cannot wear most types of armour.
You are amphibious.
You can wear up to eight rings at the same time.
Your skin changes colour to match your surroundings (Stealth+).
Your rubbery body absorbs attacks. (AC +1, EV +1)
((You are camouflaged when in or above water. (Stealth+)))
You have tentacles for arms and can constrict up to eight enemies at once.


Message History

The frilled lizard is attracted toward you.
The rat is attracted toward you. The adder is attracted toward you.
You hit the kobold. Your grab misses the kobold.
The kobold is heavily wounded.
The kobold hits you with a +0 short sword.
* * * LOW HITPOINT WARNING * * *
You closely miss the kobold. Your grab misses the kobold.
Your squeeze misses the kobold.
The kobold is heavily wounded.
The kobold hits you with a +0 short sword.
* * * LOW HITPOINT WARNING * * *
You closely miss the kobold. Your grab misses the kobold.
You squeeze the kobold.
The kobold is severely wounded.
The rat twitches its whiskers.
The kobold hits you but does no damage.
A hobgoblin comes into view.
The kobold hits you with a +0 short sword.
* * * LOW HITPOINT WARNING * * *
The frilled lizard is attracted toward you.
The hobgoblin is attracted toward you.
As you read the scroll labelled ZISEON MOOZAE, it crumbles to dust.
You feel strangely unstable.
It was a scroll of teleportation.
The kobold misses you.
The frilled lizard is attracted toward you.
The hobgoblin is attracted toward you.
The frilled lizard is attracted toward you.
The hobgoblin is attracted toward you.
The frilled lizard is attracted toward you.
The kobold attacks as you move away! The kobold barely misses you.
Your surroundings suddenly seem different.
Found 7 stones.
The hobgoblin shouts!
The hobgoblin is attracted toward you. The kobold is attracted toward you.
The hobgoblin is attracted toward you. The kobold is attracted toward you.
You hit the hobgoblin. You grab the hobgoblin.
You squeeze the hobgoblin, but do no damage.
The hobgoblin is moderately wounded.
You constrict the hobgoblin. The hobgoblin hits you.
You die...

.......##.#.#§##.###.##
##........#..§..... ..
#.....##.#.#.#.##.#.
#.....##.†.#........ #.
#.....##.#.†..§.#.#...
#........#.#.[.§. #.#
###.#.##.......K#...
#...##.#.##.#g#.# ###.
........@..#
#.###.##.#.# .. ......
#. #.##.#.# # #( .#.#
.. . . .. .. # ### ##


You could see a hobgoblin and a kobold.

Vanquished Creatures
  A gnoll (D:1)
  A dart slug (D:1)
  An endoplasm (D:1)
  2 goblins
  2 hobgoblins
  3 jackals
  2 kobolds (D:1)
  2 quokkas (D:1)
  4 ball pythons (D:1)
  2 bats (D:1)
  A frilled lizard (D:2)
  2 rats
23 creatures vanquished.

Notes
Turn   | Place    | Note
-------+----------+-------------------------------------------
     0 | D:1      | Ijustatesigmund the Octopode Venom Mage began the quest for
                  | the Orb.
     0 | D:1      | Reached XP level 1. HP: 11/11 MP: 3/3
   346 | D:1      | Reached XP level 2. HP: 18/18 MP: 1/5
   351 | D:1      | Learned a level 2 spell: Poisonous Vapours
   441 | D:1      | Reached skill level 1 in Fighting
   441 | D:1      | Reached skill level 4 in Poison Magic
   648 | D:1      | Reached XP level 3. HP: 23/23 MP: 1/6
   874 | D:1      | Learned a level 3 spell: Mephitic Cloud
  1242 | D:2      | HP: 1/23 [kobold/+0 short sword (1)]
  1248 | D:2      | Slain by a hobgoblin

Illustrated notes

Levels and vault maps discovered:
D:1:      dpeg_arrival_central, layout_basic, serial_bayou_ford_a
D:2:      layout_basic, serial_shops, shop, basic_altar, minmay_diced_spiral

Skill      XL: |  1  2 |
---------------+-------+-----
Fighting       | 1 |  1.3
Poison Magic   | 4 |  4.1
Dodging        | |  2.0
Stealth        | |  2.6
Spellcasting   | |  2.4
Conjurations   | |  0.3
Transmutations | |  1.0
Air Magic      | |  0.7

Action                     || total
---------------------------++-------
  Melee: Unarmed           ||    11
         Constrict         ||     9
         Tentacles         ||     7
         Hand axe          ||    19
   Cast: Sting             ||    19
         Poisonous Vapours ||     5
    Use: Scroll            ||     1
         Potion            ||     1
   Stab: Sleeping          ||     2
 Armour: Skin              ||     6
  Dodge: Dodged            ||    32

Table legend: (Time is in decaauts)
 A = Elapsed time spent in this place.
 B = Non-inter-level travel time spent in this place.
 C = Inter-level travel time spent in this place.
 D = Time resting spent in this place.
 E = Time spent auto-exploring this place.
 F = Levels seen in this place.
 G = Mean time per level.
                   A        B        C        D        E       F      G
               +--------+--------+--------+--------+--------+-----+--------+
         Total |   1252 |   1239 |     13 |    269 |    811 |   2 |  626.0 |
       Dungeon |   1252 |   1239 |     13 |    269 |    811 |   2 |  626.0 |
               +--------+--------+--------+--------+--------+-----+--------+

Top non-repeatable levels by time:
     D:1: 1210 daAuts
     D:2: 41 daAuts
